 Dungeon Crawl Stone Soup version 0.21.1-1-g345015f (webtiles) character file.

318 n0claF the Bolt Thrower (level 6, -2/55 HPs)
             Began as a Centaur Hunter on June 25, 2018.
             Slain by a gnoll
             ... wielding a +0 spear
              (4 damage)
             ... on level 3 of the Dungeon.
             The game lasted 00:08:54 (4246 turns).

n0claF the Bolt Thrower (Centaur Hunter)            Turns: 4246, Time: 00:08:55

Health: -2/55      AC:  8    Str: 15    XL:     6   Next: 21%
Magic:  6/6        EV:  4    Int: 10    God:
Gold:   161        SH:  0    Dex: 11    Spells: 5/5 levels left

rFire    . . .     SeeInvis .   b - +0 halberd
rCold    . . .     Gourm    .   (shield currently unavailable)
rNeg     . . .     Faith    .   n - +0 chain mail
rPois    .         Spirit   .   (no helmet)
rElec    .         Reflect  .   (no cloak)
rCorr    .         Harm     .   o - +0 pair of gloves
MR       .....                  (no barding)
Stlth    ..........             (no amulet)
HPRegen  0.18/turn              (no ring)
MPRegen  0.10/turn              (no ring)

@: very quick
A: large, hooves 3, deformed body, speed 2, tough skin 3
a: no special abilities


You were on level 3 of the Dungeon.
You were not hungry.

You visited 1 branch of the dungeon, and saw 3 of its levels.

You collected 161 gold pieces.

Inventory:

Hand Weapons
 a - a +1 hand crossbow
 b - a +0 halberd (weapon)
   (You took it off a gnoll on level 2 of the Dungeon)
Missiles
 d - 14 bolts
 j - 77 sling bullets
 m - 109 stones (quivered)
Armour
 n - a +0 chain mail (worn)
   (You found it on level 1 of the Dungeon)
 o - a +0 pair of gloves (worn)
   (You found it on level 1 of the Dungeon)
Jewellery
 t - an uncursed ring of stealth {unknown}
   (You found it on level 2 of the Dungeon)
 v - an uncursed ring of protection from fire {unknown}
   (You found it on level 2 of the Dungeon)
 y - an uncursed ring of ice {unknown}
   (You found it on level 3 of the Dungeon)
Scrolls
 c - a scroll of immolation {unknown}
 f - a scroll of fog {unknown}
 g - 4 scrolls of identify {unknown}
 h - 4 scrolls of blinking {unknown}
 i - 2 scrolls of random uselessness {unknown}
 k - 4 scrolls of remove curse {@r2}
 u - a scroll of fear {unknown}
 w - a scroll of teleportation {unknown}
 x - 2 scrolls of enchant armour {unknown}
Potions
 l - a potion of mutation {unknown}
 p - 2 potions of curing {unknown}
 q - a potion of heal wounds {unknown}
 r - 3 potions of degeneration {unknown}
 s - a potion of lignification {unknown}
Comestibles
 e - 3 rations {!d}
 z - 4 chunks of flesh


   Skills:
 + Level 4.8 Fighting
 + Level 6.6 Crossbows
 - Level 1.3 Dodging
 - Level 0.4 Stealth


You had 5 spell levels left.
You didn't know any spells.

Dungeon Overview and Level Annotations

Branches:
Dungeon (3/15)

Altars:
Nemelex Xobeh
Vehumet
Yredelemnul


Innate Abilities, Weirdness & Mutations

You have hooves in place of feet.
Armour fits poorly on your strangely shaped body.
You cover ground very quickly.
You have extremely tough skin. (AC +3)


Message History

You are too injured to fight recklessly!
You tear a large gash into the net.
The gnoll shouts!
The gnoll hits you with a whip.
* * * LOW HITPOINT WARNING * * *
The gnoll hits you but does no damage.
You struggle against the net.
The gnoll hits you with a whip.
* * * LOW HITPOINT WARNING * * *
The gnoll hits you but does no damage.
You struggle against the net.
The gnoll hits you but does no damage. x2
You rip the net and break free!
The gnoll hits you with a whip.
* * * LOW HITPOINT WARNING * * *
The gnoll hits you but does no damage.
You swing at nothing.
You closely miss the gnoll. You kick the gnoll.
The gnoll hits you but does no damage. x3
You hit the gnoll but do no damage. Your kick misses the gnoll.
The gnoll barely misses you. The gnoll hits you with a whip!
* * * LOW HITPOINT WARNING * * *
The gnoll hits you from afar with a spear.
* * * LOW HITPOINT WARNING * * *
a - a +1 hand crossbow (weapon)
You are too injured to fight recklessly!
Aim: a gnoll, wielding a whip (moderately wounded)
You shoot a bolt. The bolt hits the gnoll!
You kill the gnoll!
The gnoll throws a tomahawk.
The tomahawk hits you but does no damage.
You see here a tomahawk.
Aim: a gnoll, wielding a flail of protection You shoot a bolt.
The bolt barely misses the gnoll.
The gnoll throws a tomahawk.
The tomahawk hits you.
* * * LOW HITPOINT WARNING * * *
Aim: a gnoll, wielding a flail of protection You shoot a bolt.
The bolt hits the gnoll!
You kill the gnoll!
b - a +0 halberd (weapon)
a - a +1 hand crossbow (weapon)
Aim: a gnoll, wielding a spear You shoot a bolt.
The bolt hits the gnoll.
Aim: a gnoll, wielding a spear (moderately wounded)
You shoot a bolt. The bolt hits the gnoll.
Aim: a gnoll, wielding a spear (severely wounded)
You shoot a bolt. The bolt hits the gnoll.
b - a +0 halberd (weapon)
The gnoll hits you but does no damage. The gnoll hits you with a spear!
* * * LOW HITPOINT WARNING * * *
You closely miss the gnoll. The gnoll hits you with a spear.
You die...

#.################........#...##
#.##.....).........######.......
#.............####...........<>#
##....########.# #.###........##
#.....##### #.# #.# #.#######.#
..........# #.# #.# #.# ##.
......###.# #.# #.# #.# ##
......# #.####.####.###.# ##....#
#.#.((.g@.(..>..# ##.#..#
#.#)##......###.## #### ...#..#
#....######## #..# #...
####..#####..#### #..# #.##
###............# #..# #.#
##...######g.##.### #..# #.#
...g.g.g..........#####..#####.##
##.########..##.#.##......<.....#
#.########..##.#.##.##..###..#..


You could see a gnoll.

Vanquished Creatures
  A scorpion (D:3)
  An orc wizard (D:3)
  13 gnolls
  2 adders
  An ooze (D:1)
  3 dart slugs (D:2)
  A leopard gecko (D:3)
  4 orcs (D:3)
  11 bats
  3 giant cockroaches
  11 goblins
  11 hobgoblins
  7 jackals
  2 quokkas (D:3)
  6 frilled lizards
  11 kobolds
  5 rats
93 creatures vanquished.

Notes
Turn   | Place    | Note
-------+----------+-------------------------------------------
     0 | D:1      | n0claF the Centaur Hunter began the quest for the Orb.
     0 | D:1      | Reached XP level 1. HP: 17/17 MP: 1/1
    20 | D:1      | Found a sparkling altar of Nemelex Xobeh.
   276 | D:1      | Reached XP level 2. HP: 25/25 MP: 2/2
  1273 | D:1      | Reached skill level 5 in Crossbows
  1273 | D:1      | Reached XP level 3. HP: 30/30 MP: 3/3
  1723 | D:2      | Found a basalt altar of Yredelemnul.
  2351 | D:2      | Reached XP level 4. HP: 38/38 MP: 4/4
  2618 | D:2      | Found a radiant altar of Vehumet.
  3041 | D:3      | Reached XP level 5. HP: 36/46 MP: 5/5
  3335 | D:3      | Reached skill level 6 in Crossbows
  3796 | D:3      | Reached XP level 6. HP: 47/53 MP: 6/6
  4245 | D:3      | HP: 2/55 [gnoll/spear (7)]
  4246 | D:3      | Slain by a gnoll

Skill      XL: |  1  2  3  4  5 |
---------------+----------------+-----
Crossbows      | 5 6 |  6.6
Fighting       | 3 4 |  4.8
Dodging        | |  1.3
Stealth        | |  0.4

Action                   |  1- 3 |  4- 6 || total
-------------------------+-------+-------++-------
Melee: Short sword       |    99 |    46 ||   145
       Kick              |    23 |    30 ||    53
       Halberd           |       |   144 ||   144
 Fire: Hand crossbow     |     9 |    12 ||    21
  Use: Scroll            |     1 |       ||     1
  Eat: Chunk             |     3 |     6 ||     9
Armor: Leather armour    |    11 |       ||    11
       Chain mail        |    31 |   206 ||   237
       Skin              |     1 |       ||     1
Dodge: Dodged            |    33 |    61 ||    94
